 Dungeon Crawl Stone Soup version 0.28-a0-793-g31680bbd8b (webtiles) character file.

Game seed: 18339750180234333560

1571 cheechan the Poker (level 8, -6/76 HPs)
             Began as a Naga Fighter on Nov 4, 2021.
             Was an Initiate of Ashenzari.
             Mangled by an ice devil (24 damage)
             ... summoned by Xom
             ... on level 6 of the Dungeon.
             The game lasted 00:17:36 (4471 turns).

cheechan the Poker (Naga Fighter)                   Turns: 4471, Time: 00:17:37

Health: -6/76      AC: 12    Str: 20    XL:     8   Next: 90%
Magic:  8/8        EV:  8    Int: 15    God:    Ashenzari [......]
Gold:   258        SH:  4    Dex: 11    Spells: 2/7 levels left

rFire   + . .      SeeInvis +   f - +1 trident (venom)
rCold   x . .      Faith    .   c - +0 buckler
rNeg    . . .      Spirit   .   b - +0 scale mail
rPois   +          Reflect  .   p - +1 helmet
rElec   .          Harm     .   (no cloak)
rCorr   .          Rampage  .   q - +2 pair of gloves
Will    +....                   (no barding)
Stlth   ..........              (no amulet)
HPRegen 0.22/turn               i - +6 ring of intelligence
MPRegen 0.11/turn               k - ring of fire

@: very slow
A: AC +2, large, see invisible, deformed body, poison resistance, slowness 2,
spit poison 1, naga tail 1
a: Spit Poison, Renounce Religion


You were on level 6 of the Dungeon.
You worshipped Ashenzari.
Ashenzari was noncommittal.
You visited 2 branches of the dungeon, and saw 7 of its levels.

You collected 258 gold pieces.

Inventory:

Hand Weapons
 a - a +1 war axe
 f - a +1 trident of venom (weapon)
 m - a +0 hunting sling
 s - a +0 whip of electrocution
 t - a +0 shortbow
 w - a +1 spear of venom
Missiles
 j - 72 arrows
 l - 14 sling bullets
 v - 59 bolts
Armour
 b - a +0 scale mail (worn)
 c - a +0 buckler (worn)
 p - a +1 helmet (worn)
 q - a +2 pair of gloves (worn)
Jewellery
 i - a +6 ring of intelligence (left hand)
 k - a ring of fire (right hand)
Wands
 y - a wand of polymorph (8)
Scrolls
 g - 3 scrolls of teleportation
 h - a scroll of fear
Potions
 d - 2 potions of might
 e - a potion of berserk rage
 o - a potion of brilliance
 r - a potion of haste
 u - a potion of flight {unknown}
 x - a potion of invisibility {unknown}


   Skills:
 + Level 5.7 Fighting
 + Level 3.6(5.4) Axes
 + Level 1.5(2.8) Maces & Flails
 + Level 5.9(6.4) Polearms
 + Level 2.0 Slings
 + Level 4.3 Armour
 + Level 2.0 Dodging
 + Level 1.1 Stealth
 + Level 3.4 Shields


You had 2 spell levels left.
You knew the following spells:

 Your Spells              Type           Power      Damage    Failure   Level
a - Call Canine Familiar  Summ           0%         N/A       91%         3
b - Animate Skeleton      Necr           0%         N/A       58%         1
c - Pain                  Necr           0%         1d4       58%         1

Your spell library contained the following spells:

 Spells                   Type           Power      Damage    Failure   Level
 Portal Projectile        Hex/Tloc       0%         N/A       91%         3
 Stone Arrow              Conj/Erth      0%         3d7       91%         3
 Vampiric Draining        Necr           0%         2d6       91%         3
 Animate Armour           Summ/Erth      0%         N/A       100%        4
 Leda's Liquefaction      Hex/Erth       0%         N/A       100%        4
 Lehudib's Crystal Spear  Conj/Erth      0%         10d2      100%        8


Dungeon Overview and Level Annotations

Branches:
Dungeon (6/15)             Temple (1/1) D:5

Altars:
Ashenzari
Cheibriados
Elyvilon
Gozag
Hepliaklqana
Kikubaaqudgha
Makhleb
Nemelex Xobeh
Okawaru
Qazlal
Sif Muna
Trog
Vehumet
Wu Jian
Xom
Yredelemnul
The Shining One

Shops:
D:5 [


Innate Abilities, Weirdness & Mutations

Your serpentine skin is tough. (AC +2)
You have supernaturally acute eyesight. (SInv)
Armour fits poorly on your strangely shaped body.
Your system is resistant to poisons. (rPois)
You cover ground very slowly.
You can spit poison.
You have a snake-like lower body.


Message History

The orc is heavily wounded.
The orc barely misses you. The orc hits you but does no damage.
You hit the orc.
You kill the orc!
The orc hits you with a +0 whip. The orc closely misses you.
Things that are here:
a +0 hand axe; an orc corpse You puncture the orc!
You kill the orc!
Things that are here:
a +0 whip; an orc corpse
Things that are here:
a +0 whip; an orc corpse
Things that are here:
a +0 hand axe; an orc corpse
Things that are here:
a +0 dagger; a +0 robe; an orc corpse
Found 12 gold pieces.
You now have 258 gold pieces (gained 12).
You see here a +0 leather armour. "Let's see if it's strong enough to survive yet."
The divine experience confuses you!
You are confused.
You closely miss the orange demon.
The orange demon stings you but does no damage. x2
The ice devil hits you! The ice devil freezes you!!
You feel a terrible chill!
You are too confused!
You are too confused!
The ice devil hits you but does no damage.
The orange demon stings you but does no damage.
The ice devil hits you but does no damage.
The orange demon stings you but does no damage.
The ice devil hits you. The ice devil freezes you!!
You feel a terrible chill!
* * * LOW HITPOINT WARNING * * *
You feel less confused.
The orange demon stings you but does no damage.
The ice devil hits you.
* * * LOW HITPOINT WARNING * * *
The ice devil freezes you!!
You feel a terrible chill!
You die...

..'......'.).........##
..##....##...........#
..########.......##..#
.................##..#
.....................#
.....................#
..##....##.......##..# ....
..##....##.......##.[# ....
...#.....#......@4...######...
...#.....#........4..#.......
...
...#.....'.......##..#.....#
#..
...+....###########..#.....#
#.. ###### #..#....)# #..
#..'.....# #.. #..#.....####..
#..#.....#..#..
#'##.....#..'..


You could see an orange demon (summoned) and an ice devil (summoned).

Vanquished Creatures
  5 yaks (D:5)
  A centaur (D:4)
  A necrophage (D:4)
  An ogre (D:5)
  3 bullfrog zombies (D:5)
  A hound (D:5)
  3 jellies
  2 bullfrog skeletons (D:5)
  An iguana (D:5)
  2 orc wizards
  A scorpion zombie (D:5)
  A hound skeleton (D:4)
  Robin (D:3)
  5 gnolls
  A howler monkey skeleton (D:5)
  5 adders
  2 worms
  2 dart slugs
  6 orcs
  5 ball pythons
  8 endoplasms
  4 giant cockroaches
  13 goblins
  7 hobgoblins
  8 kobolds
  3 quokkas (D:1)
  11 bats
  3 frilled lizards
  6 rats
112 creatures vanquished.

Notes
Turn   | Place    | Note
-------+----------+-------------------------------------------
     0 | D:1      | cheechan the Naga Fighter began the quest for the Orb.
     0 | D:1      | Reached XP level 1. HP: 21/21 MP: 1/1
   106 | D:1      | Reached XP level 2. HP: 4/28 MP: 2/2
   200 | D:1      | Found a faded altar of an unknown god.
   292 | D:1      | Reached XP level 3. HP: 11/36 MP: 3/3
  1259 | D:2      | Reached XP level 4. HP: 34/44 MP: 4/4
  1848 | D:3      | Found an iron altar of Okawaru.
  2211 | D:3      | Reached skill level 1 in Slings
  2220 | D:3      | Noticed Robin
  2223 | D:3      | Found a hazy altar of Hepliaklqana.
  2229 | D:3      | Killed Robin
  2230 | D:3      | Reached XP level 5. HP: 30/50 MP: 5/5
  2510 | D:4      | Noticed a centaur
  2577 | D:4      | Killed a centaur
  2650 | D:4      | Noticed a necrophage
  2658 | D:4      | Killed a necrophage
  2659 | D:4      | Reached XP level 6. HP: 34/57 MP: 6/6
  2710 | D:4      | Learned a level 3 spell: Call Canine Familiar
  2917 | D:4      | Reached skill level 1 in Maces & Flails
  3085 | D:4      | Reached skill level 1 in Dodging
  3390 | D:5      | Entered Level 5 of the Dungeon
  3417 | D:5      | Reached XP level 7. HP: 51/66 MP: 7/7
  3473 | D:5      | Reached skill level 1 in Polearms
  3519 | D:5      | Found Vota's Antique Armour Boutique.
  3553 | D:5      | Reached skill level 5 in Fighting
  3681 | D:5      | Found a staircase to the Ecumenical Temple.
  3708 | D:5      | Noticed a yak
  3710 | D:5      | Noticed a yak
  3711 | D:5      | Noticed a yak
  3713 | D:5      | Noticed a yak
  3714 | D:5      | Noticed a yak
  3780 | D:5      | Killed a yak
  3781 | D:5      | Reached XP level 8. HP: 34/74 MP: 8/8
  3789 | D:5      | Killed a yak
  3791 | D:5      | Killed a yak
  3794 | D:5      | Killed a yak
  3795 | D:5      | Reached skill level 5 in Polearms
  3795 | D:5      | Reached skill level 1 in Stealth
  3801 | D:5      | Killed a yak
  3815 | Temple   | Entered the Ecumenical Temple
  4020 | Temple   | Became a worshipper of Xom of Chaos
  4046 | Temple   | XOM: silly message
  4047 | Temple   | Fell from the grace of Xom
  4047 | Temple   | Became a worshipper of Ashenzari the Shackled
  4134 | D:5      | XOM: 1-stop teleportation journey
  4313 | D:6      | Learned a level 1 spell: Animate Skeleton
  4315 | D:6      | Learned a level 1 spell: Pain
  4464 | D:6      | XOM: summons 2 hostile demons
  4465 | D:6      | Noticed an orange demon
  4465 | D:6      | Noticed an ice devil
  4471 | D:6      | Mangled by an ice devil

Illustrated notes

Levels and vault maps discovered:
D:1:      psy_arrival_terrarium, layout_loops_corners,
          shapermc_ecumenical_altar_totnotflames, chequers_serial_rivers_room_a,
          minmay_hexomino_u4
D:2:      layout_basic, uniq_sigmund
D:3:      layout_loops_ring, lemuel_tele_altar, okawaru_trees_2, st_stairs_4,
          uniq_robin
D:4:      layout_basic, serial_co_window_serial, co_window_of_opportunity_a,
          co_window_cross_1, co_window_of_opportunity_a, co_window_paths_a,
          co_window_paths_a, co_window_of_opportunity_c, co_window_2corner,
          co_window_paths_c, co_window_of_opportunity_b, co_window_broadway_c,
          co_window_cross_4, co_window_paths_d, co_window_4corner_b
D:5:      layout_loops_ring, minmay_temple_entry_junction, serial_shops,
          nicolae_diamond_shop
D:6:      layout_gridville, uniq_crazy_yiuf_cottage, uniq_blork_the_orc
Temple:   regret_index_temple_waves

Skill      XL: |  1  2  3  4  5  6  7  8 |
---------------+-------------------------+-----
Axes           | 3 |  3.6
Slings         | 1 2 |  2.0
Fighting       | 4 5 |  5.7
Armour         | 3 4 |  4.3
Shields        | 3 |  3.4
Maces & Flails | 1 |  1.5
Dodging        | 1 2 |  2.0
Polearms       | 3 5 |  5.9
Stealth        | 1 |  1.1

Action                   |  1- 3 |  4- 6 |  7- 9 || total
-------------------------+-------+-------+-------++-------
Melee: War axe           |    79 |    56 |       ||   135
       Whip              |       |    71 |       ||    71
       Spear             |       |    34 |       ||    34
       Trident           |       |       |   113 ||   113
 Fire: Hunting sling     |       |    57 |       ||    57
 Abil: Spit Poison       |     7 |     7 |     1 ||    15
  Use: Scroll            |     7 |     4 |     2 ||    13
       Potion            |       |     1 |     4 ||     5
Armor: Scale mail        |    53 |   114 |    80 ||   247
Dodge: Dodged            |    47 |    68 |    54 ||   169
Block: Buckler           |    24 |    48 |    18 ||    90

Table legend: (Time is in decaauts)
 A = Elapsed time spent in this place.
 B = Non-inter-level travel time spent in this place.
 C = Inter-level travel time spent in this place.
 D = Time resting spent in this place.
 E = Time spent auto-exploring this place.
 F = Levels seen in this place.
 G = Mean time per level.
                   A        B        C        D        E       F      G
               +--------+--------+--------+--------+--------+-----+--------+
         Total |   6009 |   6009 |      0 |    201 |      0 |   7 |  858.4 |
       Dungeon |   5672 |   5672 |      0 |    201 |      0 |   6 |  945.3 |
        Temple |    337 |    337 |      0 |      0 |      0 |   1 |  337.0 |
               +--------+--------+--------+--------+--------+-----+--------+

Top non-repeatable levels by time:
     D:1: 1435 daAuts
     D:4: 1355 daAuts
     D:2: 917 daAuts
     D:5: 897 daAuts
     D:3: 836 daAuts
  Temple: 337 daAuts
     D:6: 231 daAuts
